 Dungeon Crawl Stone Soup version 0.31-a0-188-g5e087ee2ca (webtiles) character file.

Game seed: 18145131459256190267

284 IdlyInterested the Shield-Bearer (level 6, 0/48 HPs)
             Began as a Demonspawn Fighter on June 23, 2023.
             Slain by a gnoll bouda
             ... wielding a +0 whip
              (3 damage)
             ... on level 4 of the Dungeon.
             The game lasted 00:07:56 (3023 turns).

IdlyInterested the Shield-Bearer (DsFi)             Turns: 3023, Time: 00:07:57

Health: 0/48       AC: 11    Str: 16    XL:     6   Next: 7%
Magic:  6/6        EV:  9    Int:  9    God:
Gold:   168        SH:  5    Dex: 15    Spells: 5/5 levels left

rFire   + . .        a - +0 long sword
rCold   + . .        c - +0 buckler
rNeg    . . .        b - +0 scale mail
rPois   +            q - +0 helmet
rElec   +            (cloak unavailable)
rCorr   +            h - +1 pair of gloves
SInv    .            f - +0 pair of boots
Will    .....        (no amulet) Stlth
                     g - ring of poison resistance
HPRegen 0.28/turn    (no ring)
MPRegen 0.20/turn

%: no passive effects
@: brilliant, resistant, weakened, hasted, very quick
A: magic regeneration, weakness stinger 3
a: no special abilities


You were on level 4 of the Dungeon.
You visited 1 branch of the dungeon, and saw 4 of its levels.

You collected 168 gold pieces.

Inventory:

Hand Weapons
 a - a +0 long sword (weapon)
 l - a +0 short sword
 r - a +0 long sword
Missiles
 j - 12 stones (quivered)
 p - 4 boomerangs
 s - 3 poisoned darts
Armour
 b - a +0 scale mail (worn)
 c - a +0 buckler (worn)
 f - a +0 pair of boots (worn)
 h - a +1 pair of gloves (worn)
 q - a +0 helmet (worn)
Jewellery
 g - a ring of poison resistance (left hand)
Scrolls
 d - a scroll of vulnerability {unknown}
 t - a scroll of identify {unknown}
Potions
 i - a potion of ambrosia {unknown}
 m - a potion of curing {unknown}
 n - a potion of heal wounds {unknown}
 o - a potion of lignification {unknown}


   Skills:
 + Level 4.0 Fighting
 + Level 2.9 Long Blades
 - Level 1.0 Throwing
 - Level 3.0 Armour
 - Level 1.0 Dodging
 - Level 1.0 Stealth
 * Level 4.3 Shields
 * Level 0.4 Evocations


You had 5 spell levels left.
You didn't know any spells.
Your spell library was empty.

Dungeon Overview and Level Annotations

Branches:
Dungeon (4/15)
 Temple: D:4-7

Altars:
Nemelex Xobeh
Xom


Innate Abilities, Weirdness & Mutations

You regenerate magic rapidly.
You have a sharp stinger which inflicts weakening toxins.


Message History

The gnoll is heavily wounded.
The gnoll bouda gazes fiercely through you!
You feel as though you will be weak longer.
You block the gnoll bouda's attack. The gnoll hits you but does no damage.
The gnoll barely misses you.
The gnoll bouda calls upon its god to heal the gnoll.
The gnoll is healed somewhat.
You hit the gnoll.
The gnoll is moderately wounded.
The gnoll hits you with a +0 flail! The gnoll misses you.
The gnoll bouda completely misses you. You block the gnoll's attack.
The gnoll hits you from afar with a +0 spear.
* * * LOW HITPOINT WARNING * * *
Unknown command.
You slash the gnoll!
The gnoll is almost dead.
The gnoll bouda calls upon its god to heal the gnoll.
The gnoll is healed somewhat.
The gnoll hits you with a +0 flail.
* * * LOW HITPOINT WARNING * * *
The gnoll hits you but does no damage.
Unknown command.
You feel yourself speed up.
The gnoll bouda hits you with a +0 whip.
* * * LOW HITPOINT WARNING * * *
The gnoll barely misses you.
The gnoll hits you from afar with a +0 spear.
* * * LOW HITPOINT WARNING * * *
You hit the gnoll.
The gnoll is severely wounded.
The gnoll bouda gazes fiercely through you!
You feel as though you will be weak longer.
The gnoll bouda closely misses you. The gnoll misses you.
It was a potion of brilliance.
You feel clever all of a sudden.
The gnoll is no longer moving quickly.
You block the gnoll bouda's attack.
It was a potion of resistance.
You feel protected. The gnoll hits you but does no damage.
The gnoll bouda hits you with a +0 whip.
You die...

###................###
.......†..[.........#
...........#.......###
#####...........?)...##
#...................##
##...#......#...#.[..#
##..#.#....g##..##....#
....#.†<...gl)g$......#
..........#..@#......##
.......g.##...##.......
....###.g#..>.#.........
.#...#.................##
................###....#
.....###<......# #.###
..... ##....... ## ....
........ ... ..##...


You could see a gnoll bouda, an iguana and 2 gnolls.

Vanquished Creatures
  A phantom (D:3)
  A howler monkey (D:4)
  Crazy Yiuf (D:2)
  Robin (D:3)
  2 gnolls (D:4)
  3 adders
  3 worms
  5 dart slugs
  5 orcs
  4 bats
  7 endoplasms
  2 giant cockroaches (D:1)
  15 goblins
  3 hobgoblins (D:1)
  A quokka (D:1)
  3 ball pythons
  3 frilled lizards
  A kobold (D:1)
  4 rats
65 creatures vanquished.

Notes
Turn   | Place    | Note
-------+----------+-------------------------------------------
     0 | D:1      | IdlyInterested the Demonspawn Fighter began the quest for
                  | the Orb.
     0 | D:1      | Reached XP level 1. HP: 18/18 MP: 1/1
   218 | D:1      | Gained mutation: You have a small tail. [demonic ancestry]
   218 | D:1      | Reached XP level 2. HP: 21/24 MP: 2/2
   739 | D:2      | Reached skill level 1 in Dodging
   739 | D:2      | Reached XP level 3. HP: 27/29 MP: 3/3
   975 | D:2      | Found a sparkling altar of Nemelex Xobeh.
  1063 | D:2      | Found a faded altar of an unknown god.
  1279 | D:2      | Found a runed translucent door.
  1280 | D:2      | Noticed Crazy Yiuf
  1618 | D:2      | HP: 1/29 [Crazy Yiuf/+4 quarterstaff of chaos (14)]
  1621 | D:2      | Killed Crazy Yiuf
  1622 | D:2      | Gained mutation: You have a tail ending in a sharp stinger.
                  | [demonic ancestry]
  1622 | D:2      | Reached XP level 4. HP: 2/36 MP: 4/4
  1948 | D:3      | Found a shimmering altar of Xom.
  2216 | D:3      | Noticed a phantom
  2233 | D:3      | Killed a phantom
  2234 | D:3      | Reached skill level 1 in Throwing
  2234 | D:3      | Gained mutation: You have a sharp stinger which inflicts
                  | weakening toxins. [demonic ancestry]
  2234 | D:3      | Reached XP level 5. HP: 38/42 MP: 5/5
  2296 | D:3      | Noticed Robin
  2313 | D:3      | Killed Robin
  2898 | D:4      | Reached skill level 1 in Stealth
  3009 | D:4      | Gained mutation: You regenerate magic rapidly. [demonic
                  | ancestry]
  3009 | D:4      | Reached XP level 6. HP: 48/48 MP: 6/6
  3023 | D:4      | Slain by a gnoll bouda

Illustrated notes

Levels and vault maps discovered:
D:1:      zelgadis_glass_arrival_large, layout_basic
D:2:      minmay_general_purpose_star, layout_loops_ring, basic_altar,
          dreamdust_ecumenical_altar_hidden_monk_grotto, uniq_crazy_yiuf_cottage
D:3:      layout_loops_ring, mainiacjoe_overflow_alcove_2, nicolae_hexahallways,
          serial_bayou_pond_a, uniq_robin
D:4:      layout_cave_pools

Skill      XL: |  1  2  3  4  5 |
---------------+----------------+-----
Long Blades    | 2 |  2.9
Armour         | 3 |  3.0
Dodging        | 1 |  1.0
Shields        | 3 4 |  4.3
Throwing       | 1 |  1.0
Fighting       | 4 |  4.0
Stealth        | 1 |  1.0
Evocations     | |  0.4

Action                     |  1- 3 |  4- 6 || total
---------------------------+-------+-------++-------
  Melee: Long sword        |   111 |   105 ||   216
         Tailslap          |    13 |    17 ||    30
  Throw: Throwing net      |     1 |       ||     1
         Stone             |       |    11 ||    11
    Use: Scroll            |     1 |     1 ||     2
         Potion            |     1 |     4 ||     5
 Armour: Scale mail        |    42 |    48 ||    90
  Dodge: Dodged            |    51 |    40 ||    91
  Block: Buckler           |    29 |    31 ||    60

Table legend: (Time is in decaauts)
 A = Elapsed time spent in this place.
 B = Non-inter-level travel time spent in this place.
 C = Inter-level travel time spent in this place.
 D = Time resting spent in this place.
 E = Time spent auto-exploring this place.
 F = Levels seen in this place.
 G = Mean time per level.
                   A        B        C        D        E       F      G
               +--------+--------+--------+--------+--------+-----+--------+
         Total |   3082 |   2743 |    339 |    341 |   1678 |   4 |  770.5 |
       Dungeon |   3082 |   2743 |    339 |    341 |   1678 |   4 |  770.5 |
               +--------+--------+--------+--------+--------+-----+--------+

Top non-repeatable levels by time:
     D:3: 1115 daAuts
     D:2: 1106 daAuts
     D:1: 780 daAuts
     D:4: 80 daAuts
